 Dungeon Crawl Stone Soup version 0.23.2-40-g277498a001 (webtiles) character file.

Game seed: 6393957755397659526

1352 Ivernyr the Geomancer (level 8, 34/62 HPs)
             Began as a Deep Dwarf Earth Elementalist on Oct 9, 2019.
             Quit the game on level 5 of the Dungeon.
             The game lasted 00:21:20 (4845 turns).

Ivernyr the Geomancer (DDEE)                        Turns: 4845, Time: 00:21:21

Health: 34/62      AC:  9    Str: 12    XL:     8   Next: 36%
Magic:  13/13      EV: 13    Int: 18    God:
Gold:   183        SH:  0    Dex: 13    Spells: 6/16 levels left

rFire    . . .     SeeInvis +   n - staff of wizardry
rCold    . . .     Gourm    .   (no shield)
rNeg     . . .     Faith    .   c - +0 robe
rPois    .         Spirit   .   o - +2 helmet {SInv}
rElec    .         Reflect  .   j - +0 cloak
rCorr    .         Harm     .   (no gloves)
MR       +....                  g - +1 pair of boots
Stlth    ++........             (no amulet)
HPRegen  0.00/turn              u - ring of see invisible
MPRegen  0.13/turn              (no ring)

@: non-regenerating
A: damage resistance, heal wounds, sense surroundings 1, no regeneration
a: Heal Wounds


You were on level 5 of the Dungeon.
You were not hungry.

You visited 1 branch of the dungeon, and saw 5 of its levels.

You collected 183 gold pieces.

Inventory:

Missiles
 b - 17 stones (quivered)
Armour
 c - a +0 robe (worn)
 g - a +1 pair of boots (worn)
 j - a +0 cloak (worn)
 o - a +2 helmet of see invisible (worn)
Magical Staves
 n - an uncursed staff of wizardry (weapon)
Jewellery
 u - a ring of see invisible (left hand)
Scrolls
 a - 2 scrolls of identify
 e - 2 scrolls of remove curse
 f - a scroll of enchant armour
 i - 2 scrolls of immolation
 k - 2 scrolls of teleportation
 l - a scroll of enchant weapon
 p - a scroll of fog
 s - a scroll of magic mapping {unknown}
 t - a scroll of amnesia {unknown}
Potions
 h - 4 potions of heal wounds {unknown}
 m - 2 potions of mutation {unknown}
 q - a potion of berserk rage {unknown}
 r - 2 potions of curing {unknown}
Comestibles
 d - 13 rations


   Skills:
 + Level 4.9 Armour
 - Level 3.0 Dodging
 - Level 2.4 Stealth
 + Level 4.5 Spellcasting
 - Level 0.8 Transmutations
 * Level 10.2 Earth Magic


You had 6 spell levels left.
You knew the following spells:

 Your Spells              Type           Power        Failure   Level  Hunger
a - Sandblast             Erth           #####.       1%          1    None
b - Passwall              Tmut/Erth      ###.....     1%          2    #......
c - Stone Arrow           Conj/Erth      ###...       1%          3    ###....
d - Petrify               Tmut/Erth      ###.....     6%          4    ####...

Your spell library contained the following spells:

 Spells                   Type           Power        Failure   Level  Hunger
 Lee's Rapid Deconstruct  Erth           #####.....   2%          5    ######.
 Confusing Touch          Hex            #.....       6%          1    None
 Confuse                  Hex            #.......     16%         3    ###....
 Gell's Gravitas          Tloc           #.........   16%         3    ###....
 Yara's Violent Unravell  Hex/Tmut       #.........   75%         5    ######.
 Metabolic Englaciation   Hex/Ice        #.........   80%         5    ######.


Dungeon Overview and Level Annotations

Branches:
Dungeon (5/15)
 Temple: D:4-7

Altars:
Kikubaaqudgha
Makhleb
Ru
Vehumet
Wu Jian
Xom

Annotations:
D:3 1 runed translucent door, Flortec's ghost, weakling DsGl


Innate Abilities, Weirdness & Mutations

You are resistant to damage.
You can heal yourself by infusing magical energy.
You passively map a small area around you.
You do not regenerate.


Message History

Aim: a centaur (moderately wounded)
The blast of sand hits the centaur!
The centaur is almost dead.
b - 18 stones The centaur hits you but does no damage. x2
Casting: Sandblast (safe; 1% risk of failure)
Confirm with . or Enter, or press ? or * to list all spells.
Aiming: Sandblast (safe; 1% risk of failure)
Press: ? - help, Shift-Dir - straight line, f/p - centaur
Aim: a centaur (almost dead)
The blast of sand hits the centaur!!
You kill the centaur!
b - 17 stones
Things that are here:
a +0 shortbow; 12 arrows You start resting.
Magic restored.
Your magical essence is drained by the effort!
You feel much better.
Are you sure you want to abandon this character and quit the game? (Confirm with "yes".)

#........# #........# ##
* ###........# #. ,
+..........# #.
###........# #######. ,
#........# #....... ,
#####(.### #.......
#####.# #####.......
#....@# #......###.# , *
#.....## #......+...#
#......# #......###.# *
##?...#.####......###.#
,.......(...............
###....#.###.......###.#
* #....#.###...........#
, , *
#....#..##.######.####
## ##.##.........# #


There were no monsters in sight!

Vanquished Creatures
  Prince Ribbit (D:5)
  Eustachio (D:4)
  2 ogres (D:4)
  2 centaurs (D:5)
  A bullfrog (D:4)
  A scorpion (D:4)
  A howler monkey (D:4)
  A hound (D:4)
  A bullfrog zombie (D:5)
  An orc priest (D:4)
  2 bullfrog skeletons
  3 orc wizards (D:4)
  A centaur skeleton (D:4)
  4 worker ants
  6 adders
  7 gnolls
  3 worms
  2 dart slugs
  A leopard gecko (D:1)
  5 orcs (D:4)
  5 bats
  6 giant cockroaches
  8 goblins
  5 hobgoblins
  3 jackals (D:5)
  A quokka (D:4)
  A ball python (D:4)
  3 frilled lizards
  3 kobolds (D:1)
  3 rats
84 creatures vanquished.

Notes
Turn   | Place    | Note
-------+----------+-------------------------------------------
     0 | D:1      | Ivernyr the Deep Dwarf Earth Elementalist began the quest
                  | for the Orb.
     0 | D:1      | Reached XP level 1. HP: 15/15 MP: 3/3
   115 | D:1      | Reached XP level 2. HP: 22/22 MP: 1/5
   162 | D:1      | Learned a level 2 spell: Passwall
   502 | D:1      | Reached XP level 3. HP: 28/28 MP: 4/6
   526 | D:1      | Learned a level 3 spell: Stone Arrow
   791 | D:1      | Reached skill level 5 in Earth Magic
  1091 | D:2      | Found an ornate altar of the Wu Jian Council.
  1092 | D:2      | Found an ancient bone altar of Kikubaaqudgha.
  1092 | D:2      | Found a shimmering altar of Xom.
  1093 | D:2      | Found a sacrificial altar of Ru.
  1650 | D:2      | Reached XP level 4. HP: 30/36 MP: 1/7
  1947 | D:3      | Found a radiant altar of Vehumet.
  2304 | D:3      | Found a runed translucent door.
  2306 | D:3      | Noticed Flortec's ghost (weakling DsGl)
  2525 | D:3      | Found a burning altar of Makhleb.
  2859 | D:4      | Noticed an ogre
  2864 | D:4      | Killed an ogre
  2864 | D:4      | Reached skill level 1 in Armour
  2864 | D:4      | Reached skill level 6 in Earth Magic
  2864 | D:4      | Reached XP level 5. HP: 32/42 MP: 4/9
  3017 | D:4      | Noticed an ogre
  3023 | D:4      | Killed an ogre
  3060 | D:4      | Reached skill level 7 in Earth Magic
  3060 | D:4      | Reached XP level 6. HP: 37/49 MP: 3/10
  3373 | D:4      | Reached skill level 8 in Earth Magic
  3373 | D:4      | Reached XP level 7. HP: 14/55 MP: 6/12
  3658 | D:4      | Learned a level 4 spell: Petrify
  4133 | D:4      | Noticed Eustachio
  4146 | D:4      | Killed Eustachio
  4146 | D:4      | Reached skill level 9 in Earth Magic
  4405 | D:5      | Entered Level 5 of the Dungeon
  4523 | D:5      | Noticed Prince Ribbit
  4537 | D:5      | Reached XP level 8. HP: 26/62 MP: 7/14
  4545 | D:5      | Killed Prince Ribbit
  4545 | D:5      | Reached skill level 10 in Earth Magic
  4845 | D:5      | Quit the game

Skill      XL: |  1  2  3  4  5  6  7  8 |
---------------+-------------------------+-----
Spellcasting   | 2 3 4 |  4.5
Earth Magic    | 5 6 7 8 9 10 | 10.2
Dodging        | 3 |  3.0
Armour         | 1 2 3 4 |  4.9
Stealth        | |  2.4
Transmutations | |  0.8

Action                   |  1- 3 |  4- 6 |  7- 9 || total
-------------------------+-------+-------+-------++-------
Melee: Club              |    29 |    14 |       ||    43
       Staff             |       |    10 |    39 ||    49
 Cast: Sandblast         |    33 |    27 |    41 ||   101
       Stone Arrow       |     8 |     9 |    18 ||    35
 Abil: Heal Wounds       |       |       |     2 ||     2
  Use: Scroll            |     5 |     4 |       ||     9
 Stab: Sleeping          |       |       |     2 ||     2
  Eat: Chunk             |     4 |     7 |     6 ||    17
Armor: Robe              |    12 |    11 |    25 ||    48
Dodge: Dodged            |    29 |    19 |    50 ||    98
